 Dungeon Crawl Stone Soup version 0.22-a0-322-g60b3cfd (webtiles) character file.

190 Gildeon the Cudgeler (level 5, -4/32 HPs)
             Began as a Gargoyle Fighter on Apr 5, 2018.
             Slain by an ogre
             ... wielding a +0 giant spiked club
              (9 damage)
             ... on level 4 of the Dungeon.
             The game lasted 00:12:37 (2687 turns).

Gildeon the Cudgeler (Gargoyle Fighter)             Turns: 2687, Time: 00:12:38

Health: -4/32      AC: 13    Str: 23    XL:     5   Next: 69%
Magic:  5/5        EV:  7    Int:  8    God:
Gold:   190        SH:  9    Dex: 10    Spells: 4/4 levels left

rFire    . . .     SeeInvis .   a - +0 flail
rCold    . . .     Gourm    +   c - +0 shield
rNeg     + . .     Faith    .   b - +0 scale mail
rPois    ∞         Spirit   .   l - +0 helmet
rElec    +         Reflect  .   (no cloak)
rCorr    .         Harm     .   (no gloves)
MR       .....                  g - +0 pair of boots
Stlth    ..........             j - amulet of the gourmand
HPRegen  0.10/turn              n - +3 ring of strength
MPRegen  0.09/turn              (no ring)

@: no status effects
A: negative energy resistance 1, electricity resistance, unbreathing,
petrification resistance, rot immunity, AC +4
a: no special abilities


You were on level 4 of the Dungeon.
You were completely stuffed.

You visited 1 branch of the dungeon, and saw 4 of its levels.

You collected 190 gold pieces.

Inventory:

Hand Weapons
 a - a +0 flail (weapon)
Missiles
 h - 131 stones (quivered)
Armour
 b - a +0 scale mail (worn)
 c - a +0 shield (worn)
 g - a +0 pair of boots (worn)
 l - a +0 helmet (worn)
Jewellery
 j - an amulet of the gourmand (around neck)
 n - a +3 ring of strength (left hand)
 s - an uncursed ring of protection from cold {unknown}
Wands
 d - a wand of flame (22)
Scrolls
 e - 2 scrolls of identify
 i - a scroll of teleportation
 p - a scroll of immolation {unknown}
Potions
 k - 2 potions of curing
 m - 2 potions of haste
 o - 2 potions of berserk rage {unknown}
 q - a potion of magic {unknown}
 r - a potion of flight
 u - 2 potions of degeneration {unknown}
Comestibles
 f - 5 rations
 t - 2 chunks of flesh


   Skills:
 - Level 3.2 Fighting
 + Level 5.7 Maces & Flails
 - Level 3.2 Armour
 - Level 3.2 Shields


You had 4 spell levels left.
You didn't know any spells.

Dungeon Overview and Level Annotations

Branches:
Dungeon (4/15)             Temple (0/1) D:4

Altars:
Cheibriados
Fedhas
Makhleb
Vehumet
Yredelemnul

Annotations:
D:3 Terence


Innate Abilities, Weirdness & Mutations

You are resistant to torment.
Your stone body is resilient. (AC +4)
You are immune to poison.
You resist negative energy. (rN+)
You are resistant to electric shocks. (rElec)
You can survive without breathing.
You are immune to petrification.
You are immune to rotting.


Message History

You closely miss the adder. You block the adder's attack.
You barely miss the adder. The adder closely misses you.
You sock the adder!
You kill the adder!
An ogre comes into view. It is wielding a giant spiked club.
The ogre shouts!
You hear a shout!
You see here a ration.
You barely miss the ogre. You block the ogre's attack.
You hit the ogre.
The ogre is lightly wounded.
The ogre hits you with a giant spiked club!!
Ouch! That really hurt!
* * * LOW HITPOINT WARNING * * *
You hit the ogre.
The ogre is moderately wounded.
You block the ogre's attack.
You hit the ogre.
The ogre is heavily wounded.
The ogre hits you with a giant spiked club!
You die...

###############...
#<......%.@O....#
........................
........##....##..###'##
....###........#..# ...
####!....#..# ..
.......#..# .
####....#..# #....#..#
#... ..#


You could see an ogre.

Vanquished Creatures
  A crimson imp (D:3)
  Ijyb (D:3)
  2 adders
  3 oozes
  2 worms (D:3)
  2 dart slugs
  5 leopard geckos
  An orc (D:3)
  3 giant cockroaches
  8 goblins
  8 hobgoblins
  12 jackals
  8 kobolds
  2 quokkas (D:2)
  6 bats
  8 frilled lizards
  13 rats
85 creatures vanquished.

Notes
Turn   | Place    | Note
-------+----------+-------------------------------------------
     0 | D:1      | Gildeon the Gargoyle Fighter began the quest for the Orb.
     0 | D:1      | Reached XP level 1. HP: 14/14 MP: 1/1
    56 | D:1      | Reached XP level 2. HP: 18/19 MP: 2/2
   103 | D:1      | Reached skill level 3 in Maces & Flails
   336 | D:1      | Reached XP level 3. HP: 23/23 MP: 3/3
   896 | D:2      | Reached skill level 4 in Maces & Flails
  1062 | D:2      | Reached XP level 4. HP: 25/28 MP: 4/4
  1570 | D:3      | Found a radiant altar of Vehumet.
  1570 | D:3      | Found a burning altar of Makhleb.
  1648 | D:3      | Reached skill level 5 in Maces & Flails
  1689 | D:3      | Reached XP level 5. HP: 32/32 MP: 5/5
  1790 | D:4      | Found a staircase to the Ecumenical Temple.
  1854 | D:3      | Found a blossoming altar of Fedhas.
  2110 | D:3      | Found a snail-covered altar of Cheibriados.
  2110 | D:3      | Noticed Terence
  2166 | D:3      | Found a basalt altar of Yredelemnul.
  2171 | D:3      | Noticed Ijyb
  2185 | D:3      | Killed Ijyb
  2679 | D:4      | Noticed an ogre
  2687 | D:4      | Slain by an ogre

Vault maps used:
D:1:      lemuel_arrival_muddy
D:3:      grunt_temple_overflow_lords_of_destruction, lemuel_doored_altar,
          nicolae_overflow_hidden_temple, lemuel_round_altar, uniq_terence,
          uniq_ijyb
D:4:      minmay_temple_entry_junction, nicolae_tso_carved_into_rock

Skill      XL: |  1  2  3  4 |
---------------+-------------+-----
Maces & Flails | 3 4 5 |  5.7
Fighting       | |  3.2
Armour         | |  3.2
Shields        | |  3.2

Action                   |  1- 3 |  4- 6 || total
-------------------------+-------+-------++-------
Melee: Flail             |   141 |   180 ||   321
  Use: Scroll            |     4 |     4 ||     8
       Potion            |       |     2 ||     2
  Eat: Chunk             |     1 |    16 ||    17
Armor: Scale mail        |    99 |    86 ||   185
Dodge: Dodged            |    40 |    46 ||    86
Block: Shield            |    78 |    89 ||   167

Table legend:
 A = Spawn XP
 B = Non-spawn XP
 C = Spawn XP percentage of total XP
 D = Spawn monster count
 E = Non-spawn monster count
 F = Spawn count percentage of total count
 G = Total turns spent on level
                    A         B        C        D         E        F      G
               +---------+---------+-------+---------+---------+-------+---------
         Total |       0 |     272 |   0.0 |       0 |      85 |   0.0 |  2687
               +---------+---------+-------+---------+---------+-------+---------
           D:1 |       0 |      53 |   0.0 |       0 |      27 |   0.0 |   812
           D:2 |       0 |      45 |   0.0 |       0 |      24 |   0.0 |   659
           D:3 |       0 |     161 |   0.0 |       0 |      33 |   0.0 |  1192
           D:4 |       0 |      13 |   0.0 |       0 |       1 |   0.0 |    24
               +---------+---------+-------+---------+---------+-------+---------
